 Dungeon Crawl Stone Soup version 0.26.0-18-gc5c842f807 (webtiles) character file.

Game seed: 7394054795680112195

87 leNuup the Firebug (level 4, 0/28 HPs)
             Began as an Octopode Fire Elementalist on Jan 23, 2021.
             Killed by nerve-wracking pain
             ... invoked by an orc priest
              (1 damage)
             ... on level 3 of the Dungeon.
             The game lasted 00:12:39 (3041 turns).

leNuup the Firebug (Octopode Fire Elementalist)     Turns: 3041, Time: 00:12:39

Health: 0/28       AC:  1    Str:  8    XL:     4   Next: 51%
Magic:  6/7        EV: 13    Int: 17    God:
Gold:   148        SH:  0    Dex: 12    Spells: 4/8 levels left

rFire    + + .     SeeInvis .   (no weapon)
rCold    x . .     Faith    .   (no shield)
rNeg     . . .     Spirit   .   n - +0 hat
rPois    .         Reflect  .   (no amulet)
rElec    .         Harm     .   c - ring of protection from fire
rCorr    .         Rampage  .   g - ring of fire
Will     .....                  (no ring)
Stlth    +++.......             (no ring)
HPRegen  0.09/turn              (no ring)
MPRegen  0.10/turn              (no ring)
                                (no ring)
                                (no ring)

@: very slightly contaminated
A: almost no armour, stealthy swim, amphibious, 8 rings, constrict 8, camouflage
1, gelatinous body 1
a: no special abilities


You were on level 3 of the Dungeon.
You visited 1 branch of the dungeon, and saw 3 of its levels.

You collected 148 gold pieces.

Inventory:

Hand Weapons
 k - a +0 spear
Armour
 n - a +0 hat (worn)
Jewellery
 c - a ring of protection from fire (left tentacle)
 g - a ring of fire (right tentacle)
 m - a +4 ring of evasion
Scrolls
 b - 2 scrolls of remove curse {unknown}
 d - 3 scrolls of teleportation
 e - 2 scrolls of identify {unknown}
 o - a scroll of fog {unknown}
Potions
 a - a potion of magic
 f - a potion of lignification {unknown}
 h - a potion of degeneration {unknown}
 i - a potion of haste {unknown}
 j - a potion of brilliance {unknown}
 l - 2 potions of resistance {unknown}


   Skills:
 * Level 1.3 Fighting
 + Level 2.1 Dodging
 + Level 3.0 Stealth
 + Level 0.2 Unarmed Combat
 + Level 2.5 Spellcasting
 + Level 1.9 Conjurations
 + Level 3.8 Fire Magic


You had 4 spell levels left.
You knew the following spells:

 Your Spells              Type           Power        Failure   Level
a - Foxfire               Conj/Fire      68%          5%          1
b - Conjure Flame         Conj/Fire      17%          17%         3

Your spell library contained the following spells:

 Spells                   Type           Power        Failure   Level
 Inner Flame              Hex/Fire       12%          26%         3
 Sticky Flame             Conj/Fire      17%          50%         4
 Fireball                 Conj/Fire      8%           83%         5


Dungeon Overview and Level Annotations

Branches:
Dungeon (3/15)

Altars:


Innate Abilities, Weirdness & Mutations

You cannot wear most types of armour.
You are very stealthy in the water. (Stealth+)
You are amphibious.
You can wear up to eight rings at the same time.
You can use your tentacles to constrict eight enemies at once.
Your skin changes colour to match your surroundings (Stealth+).
Your rubbery body absorbs attacks. (AC +1, EV +1)


Message History

Beogh smites you!
The foxfire hits the orc priest but does no damage.
Your magical contamination has completely faded away.
The orc priest mumbles some strange prayers to Beogh against you.
Pain shoots through your body!
* * * LOW HITPOINT WARNING * * *
It was a potion of magic.
Magic courses through your body.
You are too injured to fight recklessly!
Casting: Foxfire (safe; 5% risk of failure)
Confirm with . or Enter, or press ? or * to list all spells.
You don't know that spell.
Unknown command.
Casting: Foxfire (safe; 5% risk of failure)
Confirm with . or Enter, or press ? or * to list all spells.
You feel a surge of power!
You miscast Foxfire.
You are very lightly contaminated with residual magic.
Nothing appears to happen.
The orc priest mumbles some strange prayers to Beogh against you.
Pain shoots through your body!
You die...

######## #.......
#.......
##################..(....
#................'..[....
#.......@#########.......
#........'....#.....##...
#.....o..####.#.###.##.##
#....)...##...#.# #.##.#.
#...)....##.###.# #.#<...
#.#'#######.# #.###.##.#.
#.#.§oooo.#.# #.....##.#.
# #######.#.# #.....##.#.
#.#.# #.....##.#.


You could see an orc priest.

Vanquished Creatures
  2 adders
  An ooze (D:1)
  2 dart slugs (D:1)
  2 worms (D:2)
  A leopard gecko (D:1)
  2 orcs (D:3)
  4 giant cockroaches
  6 hobgoblins
  4 jackals (D:1)
  A quokka (D:2)
  6 bats
  4 frilled lizards
  6 goblins
  5 kobolds
  7 rats
53 creatures vanquished.

Vanquished Creatures (others)
  117 foxfires
117 creatures vanquished.

Grand Total: 170 creatures vanquished

Notes
Turn   | Place    | Note
-------+----------+-------------------------------------------
     0 | D:1      | leNuup the Octopode Fire Elementalist began the quest for
                  | the Orb.
     0 | D:1      | Reached XP level 1. HP: 11/11 MP: 3/3
   246 | D:1      | Reached XP level 2. HP: 8/17 MP: 1/5
  1056 | D:1      | Reached XP level 3. HP: 22/22 MP: 2/6
  2012 | D:2      | Reached skill level 1 in Fighting
  2050 | D:2      | Learned a level 3 spell: Conjure Flame
  2278 | D:2      | Reached XP level 4. HP: 28/28 MP: 1/7
  3038 | D:3      | HP: 1/28 [orc priest/nerve-wracking pain (13)]
  3041 | D:3      | Killed from afar by an orc priest

Illustrated notes

Levels and vault maps discovered:
D:1:      dpeg_arrival_radiant, layout_basic
D:2:      layout_basic
D:3:      layout_basic

Skill      XL: |  1  2  3 |
---------------+----------+-----
Stealth        | 3 |  3.0
Fighting       | 1 |  1.3
Dodging        | |  2.1
Unarmed Combat | |  0.2
Spellcasting   | |  2.5
Conjurations   | |  1.9
Fire Magic     | |  3.8

Action                   |  1- 3 |  4- 6 || total
-------------------------+-------+-------++-------
Melee: Unarmed           |    30 |     3 ||    33
       Constrict         |    10 |     2 ||    12
       Tentacles         |     4 |       ||     4
 Cast: Foxfire           |    62 |    16 ||    78
  Use: Scroll            |     1 |       ||     1
       Potion            |       |     1 ||     1
Armor: Skin              |     5 |     1 ||     6
Dodge: Dodged            |    38 |     7 ||    45
